 Dungeon Crawl Stone Soup version 0.31-a0-200-gbc41564c69 (webtiles) character file.

Game seed: 16949386626722183980

1397 qw the Skirmisher (level 8, -1/43 (46) HPs)
             Began as a Deep Elf Hunter on June 25, 2023.
             Was a Follower of Okawaru.
             Slain by a wight
             ... wielding a +4 falchion
              (3 damage)
             ... on level 6 of the Dungeon.
             The game lasted 00:02:52 (4751 turns).

qw the Skirmisher (Deep Elf Hunter)                 Turns: 4751, Time: 00:02:52

HP:   -1/43 (46)    AC:  8    Str: 10    XL:     8   Next: 41%
MP:   10/10         EV: 12    Int: 15    God:    Okawaru [*.....]
Gold: 165           SH:  0    Dex: 18    Spells: 7/7 levels left

rFire   . . .        Y - +4 longbow (elec)
rCold   . . .        (shield currently unavailable)
rNeg    . . .        e - +3 ring mail
rPois   .            (no helmet)
rElec   .            (no cloak)
rCorr   .            (no gloves)
SInv    .            (no boots)
Will    .....        (no amulet)
Stlth   +            (no ring)
HPRegen 0.27/turn    (no ring)
MPRegen 0.12/turn

%: no passive effects
@: lethally poisoned (-1 -> -12), drained
A: no striking features
a: Renounce Religion, Heroism


You were on level 6 of the Dungeon.
You worshipped Okawaru.
Okawaru was aware of your devotion.
You visited 2 branches of the dungeon, and saw 7 of its levels.
You also visited: Sewer.

You collected 245 gold pieces.
You spent 80 gold pieces at shops.


   Skills:
 - Level 3.2 Fighting
 + Level 12.9 Ranged Weapons
 - Level 1.4 Armour
 - Level 4.0 Dodging
 - Level 1.2 Stealth


You had 7 spell levels left.
You didn't know any spells.
Your spell library was empty.

Inventory:

Hand Weapons
 Y - a +4 longbow of electrocution (weapon)
Armour
 e - a +3 ring mail (worn)
Wands
 d - a wand of digging (4)
Scrolls
 i - a scroll of identify
 j - 3 scrolls of teleportation
Potions
 a - 2 potions of haste
 b - a potion of enlightenment {unknown}
 c - 5 potions of curing
 g - 2 potions of might
 h - a potion of heal wounds
 k - a potion of brilliance {unknown}
 l - a potion of cancellation

Dungeon Overview and Level Annotations

Branches:
Dungeon (6/15)             Temple (1/1) D:5           Sewer (visited)

Altars:
Ashenzari
Cheibriados
Elyvilon
Fedhas
Hepliaklqana
Kikubaaqudgha
Nemelex Xobeh
Okawaru
Qazlal
Ru
Trog
Vehumet
Wu Jian
Xom
Yredelemnul
The Shining One

Shops:
D:4 ?:(

Annotations:
D:3 2 runed translucent doors, qw's ghost, amateur DEHu


Message History

The yak is moderately wounded.
The yak bellows!
You hear a bellow!
You hear a bark!
A yak comes into view.
A wight comes into view. It is wielding a +4 falchion.
A yak comes into view.
You shoot an arrow. The arrow closely misses the yak.
The yak bellows!
The arrow hits the yak!
The yak is moderately wounded.
A wight comes into view. It is wielding a +0 spear.
A wight comes into view. It is wielding a +1 halberd of venom.
You shoot an arrow. The arrow hits the yak!
The yak is moderately wounded.
You shoot an arrow. The arrow hits the yak.
The yak is heavily wounded.
You shoot an arrow. The arrow hits the yak!
The yak is severely wounded.
You shoot an arrow. The arrow hits the yak!
You kill the yak!
Okawaru accepts your kill. The wight misses you.
You shoot an arrow. The arrow hits the yak!
Lightning courses through the yak!
The yak is severely wounded.
The yak gores you. The wight hits you with a +4 falchion. The yak gores you!
You shoot an arrow. The arrow hits the yak.
The yak is severely wounded.
The yak barely misses you. The wight hits you with a +4 falchion!
The yak gores you.
You shoot an arrow. The arrow hits the yak!!
You kill the yak!
Okawaru accepts your kill.
You can now gain great but temporary skills.
The yak completely misses you. The wight barely misses you. The yak gores you.
The wight hits you with a +4 falchion!
You feel drained. The wight barely misses you.
The wight hits you from afar with a +1 halberd of venom.
You feel drained.
You are lethally poisoned!
The wight hits you with a +4 falchion.
You die...

#################
...........[....######
................#....###
................#....#..
##..Y..#...####....#.#
#.!%@.#...####....#.#
.....zYz.+.....##....#.#
####.z...#......%.......
.......#.....##....#.#
.........##..#.##....#.#
...............#######..
....###....#...# ###
.... .....#...'
.#...#...#


You could see 2 yaks and 3 wights.

Vanquished Creatures
  2 yaks (D:6)
  A water moccasin (D:6)
  Edmund (D:5)
  2 ogres
  A centaur (D:5)
  A phantom (D:5)
  2 scorpions (D:5)
  A howler monkey (D:5)
  4 hounds (D:5)
  3 jellies (Sewer)
  2 iguanas (D:5)
  An orc wizard (D:3)
  A statue (D:5)
  9 adders
  3 gnolls (D:2)
  A shadow imp (D:5)
  5 worms
  9 orcs
  3 bats
  17 endoplasms
  13 giant cockroaches
  7 goblins
  9 hobgoblins
  8 quokkas
  12 ball pythons
  7 frilled lizards
  4 kobolds
  10 rats
139 creatures vanquished.

Notes
Turn   | Place    | Note
-------+----------+-------------------------------------------
     0 | D:1      | qw the Deep Elf Hunter began the quest for the Orb.
     0 | D:1      | Reached XP level 1. HP: 12/12 MP: 3/3
     0 | D:1      | 0 ||| qw: Version: 0.3-a-22-g0ed2b0b
     0 | D:1      | 0 ||| qw: Game counter: 5605
     0 | D:1      | 0 ||| qw: Melee chars always use a shield: true
     0 | D:1      | 0 ||| qw: God list: Okawaru
     0 | D:1      | 0 ||| qw: Allow faded altars: false
     0 | D:1      | 0 ||| qw: Do Orc after clearing Dungeon:15 true
     0 | D:1      | 0 ||| qw: Do second Lair branch before Depths: true
     0 | D:1      | 0 ||| qw: Lair rune preference: random
     0 | D:1      | 0 ||| qw: Goals: Normal
     0 | D:1      | 0 ||| PLANNING D:1-11
    75 | D:1      | You fall into a shaft and drop 1 floor!
   128 | D:2      | Reached skill level 6 in Ranged Weapons
   128 | D:2      | Reached XP level 2. HP: 16/16 MP: 4/4
   165 | D:2      | 165 ||| UPGRADING to +0 ring mail.
   175 | D:2      | 175 ||| DROPPING +0 leather armour.
   176 | D:2      | 176 ||| READING scroll labelled YPNOUP FAGHELLI.
   176 | D:2      | Identified a scroll of acquirement
   176 | D:2      | 176 ||| ACQUIRING +4 longbow of electrocution
   176 | D:2      | Acquired a +4 longbow of electrocution
   177 | D:2      | 177 ||| DROPPING scroll of butterflies.
   516 | D:1      | Reached XP level 3. HP: 20/20 MP: 5/5
   761 | D:1      | 761 ||| READING scroll labelled BEEXIS OTEIM.
   762 | D:1      | 762 ||| READING scroll labelled FUTENK LYUZU.
   763 | D:1      | 763 ||| READING scroll labelled NELOOS BAPAIVEJ.
   764 | D:1      | 764 ||| READING scroll labelled LODECA ZUADAW.
   942 | D:2      | 942 ||| SWAPPING to +4 longbow of electrocution.
   943 | D:2      | 943 ||| DROPPING +0 shortbow.
  1094 | D:2      | Reached skill level 7 in Ranged Weapons
  1144 | D:2      | Reached XP level 4. HP: 9/25 MP: 6/6
  1369 | D:3      | 1369 ||| PLANNING SEWER
  1388 | D:3      | Found a large runed translucent door.
  1388 | D:3      | Found a large runed translucent door.
  1390 | D:3      | Noticed qw's ghost (amateur DEHu)
  1392 | D:3      | Reached skill level 8 in Ranged Weapons
  1490 | D:3      | Reached XP level 5. HP: 26/29 MP: 7/7
  1592 | D:3      | 1592 ||| READING scroll of enchant armour.
  1592 | D:3      | 1592 ||| ENCHANTING +0 ring mail.
  1628 | D:3      | Found a broken altar of Ashenzari.
  1819 | D:3      | 1819 ||| Stepping ~*~*~tactically~*~*~ (water).
  1833 | D:3      | Found a glowing drain.
  1837 | D:3      | 1837 ||| READING scroll labelled CAIC IVVASOGH.
  1842 | D:3      | 1842 ||| READING scroll labelled BUALUVIUTU.
  1843 | D:3      | 1843 ||| DRINKING 3 fizzy emerald potions.
  1876 | D:3      | 1876 ||| Stepping ~*~*~tactically~*~*~ (water).
  1885 | Sewer    | Entered a sewer
  1969 | Sewer    | Reached skill level 9 in Ranged Weapons
  2034 | Sewer    | Reached XP level 6. HP: 35/35 MP: 8/8
  2034 | Sewer    | Found a viscous altar of Jiyva.
  2073 | Sewer    | 2073 ||| Stepping ~*~*~tactically~*~*~ (water).
  2109 | Sewer    | 2109 ||| READING scroll labelled IRHECKEECE.
  2110 | Sewer    | 2110 ||| DRINKING 3 golden potions.
  2111 | Sewer    | 2111 ||| DRINKING 2 dark potions.
  2112 | Sewer    | 2112 ||| DRINKING 2 yellow potions.
  2113 | Sewer    | 2113 ||| READING 2 scrolls of identify.
  2113 | Sewer    | 2113 ||| IDENTIFYING red potion
  2130 | D:3      | 2130 ||| PLANNING D:1-11
  2543 | D:3      | 2543 ||| Stepping randomly (stuck).
  2694 | D:4      | 2694 ||| READING scroll of enchant armour.
  2694 | D:4      | 2694 ||| ENCHANTING +1 ring mail.
  2711 | D:4      | Reached skill level 10 in Ranged Weapons
  2733 | D:4      | Found Poelamp's Antique Weapon Emporium.
  2734 | D:4      | Found Higaset's Book Emporium.
  2734 | D:4      | Found Pyjevvuy's Magic Scroll Emporium.
  3270 | D:4      | 3270 ||| READING scroll labelled QOARIA GYITAUF.
  3271 | D:4      | 3271 ||| READING 2 scrolls of identify.
  3271 | D:4      | 3271 ||| IDENTIFYING metallic red potion
  3272 | D:4      | 3272 ||| DROPPING potion of berserk rage.
  3321 | D:4      | 3321 ||| BUYING scroll of identify (20 gold).
  3321 | D:4      | Bought a scroll of identify for 20 gold pieces
  3321 | D:4      | 3321 ||| BUYING scroll of teleportation (30 gold).
  3321 | D:4      | Bought a scroll of teleportation for 30 gold pieces
  3321 | D:4      | 3321 ||| BUYING scroll of teleportation (30 gold).
  3321 | D:4      | Bought a scroll of teleportation for 30 gold pieces
  3321 | D:4      | 3321 ||| READING 2 scrolls of identify.
  3321 | D:4      | 3321 ||| IDENTIFYING murky inky potion
  3322 | D:4      | 3322 ||| DROPPING potion of invisibility.
  3346 | D:5      | Entered Level 5 of the Dungeon
  3351 | D:5      | 3351 ||| FLEEEEING.
  3354 | D:5      | 3354 ||| STAIRDANCE
  3358 | D:5      | 3358 ||| STAIRDANCE
  3362 | D:5      | 3362 ||| STAIRDANCE
  3366 | D:5      | 3366 ||| STAIRDANCE
  3370 | D:5      | 3370 ||| STAIRDANCE
  3374 | D:5      | 3374 ||| STAIRDANCE
  3378 | D:5      | 3378 ||| STAIRDANCE
  3382 | D:5      | 3382 ||| STAIRDANCE
  3386 | D:5      | 3386 ||| STAIRDANCE
  3390 | D:5      | 3390 ||| STAIRDANCE
  3394 | D:5      | 3394 ||| STAIRDANCE
  3398 | D:5      | 3398 ||| STAIRDANCE
  3402 | D:5      | 3402 ||| STAIRDANCE
  3406 | D:5      | 3406 ||| STAIRDANCE
  3410 | D:5      | 3410 ||| STAIRDANCE
  3414 | D:5      | 3414 ||| STAIRDANCE
  3418 | D:5      | 3418 ||| STAIRDANCE
  3422 | D:5      | 3422 ||| STAIRDANCE
  3426 | D:5      | 3426 ||| STAIRDANCE
  3430 | D:5      | 3430 ||| STAIRDANCE
  3437 | D:5      | 3437 ||| FLEEEEING.
  3438 | D:5      | 3438 ||| FLEEEEING.
  3441 | D:5      | 3441 ||| FLEEEEING.
  3443 | D:5      | 3443 ||| FLEEEEING.
  3445 | D:5      | Reached XP level 7. HP: 40/40 MP: 9/9
  3448 | D:5      | 3448 ||| FLEEEEING.
  3449 | D:5      | 3449 ||| FLEEEEING.
  3452 | D:5      | 3452 ||| FLEEEEING.
  3456 | D:5      | 3456 ||| FLEEEEING.
  3458 | D:5      | 3458 ||| FLEEEEING.
  3464 | D:5      | 3464 ||| FLEEEEING.
  3470 | D:5      | 3470 ||| FLEEEEING.
  3471 | D:5      | 3471 ||| FLEEEEING.
  3479 | D:5      | 3479 ||| FLEEEEING.
  3480 | D:5      | 3480 ||| FLEEEEING.
  3481 | D:5      | 3481 ||| FLEEEEING.
  3482 | D:5      | 3482 ||| FLEEEEING.
  3483 | D:5      | 3483 ||| FLEEEEING.
  3776 | D:5      | Noticed Edmund
  3782 | D:5      | Killed Edmund
  3829 | D:5      | Reached skill level 11 in Ranged Weapons
  3843 | D:4      | 3843 ||| Stepping randomly (stuck).
  3986 | D:5      | Found a staircase to the Ecumenical Temple.
  3988 | D:5      | 3988 ||| PLANNING TEMPLE
  3988 | D:5      | 3988 ||| READING scroll of enchant armour.
  3988 | D:5      | 3988 ||| ENCHANTING +2 ring mail.
  3994 | D:5      | Reached skill level 12 in Ranged Weapons
  3997 | Temple   | Entered the Ecumenical Temple
  4066 | Temple   | 4066 ||| PLANNING OKAWARU WORSHIP
  4127 | Temple   | Became a worshipper of Warmaster Okawaru
  4128 | Temple   | 4128 ||| PLANNING D:1-11
  4156 | D:5      | Reached skill level 1 in Armour
  4156 | D:5      | Reached XP level 8. HP: 27/44 MP: 10/10
  4220 | D:5      | Found a radiant altar of Vehumet.
  4412 | D:5      | Reached skill level 3 in Fighting
  4525 | D:5      | 4525 ||| READING 2 scrolls labelled LESAFA CESCHEOT.
  4526 | D:5      | 4526 ||| DROPPING scroll of poison.
  4528 | D:5      | 4528 ||| Stepping ~*~*~tactically~*~*~ (cloud).
  4751 | D:6      | Reached * piety under Okawaru
  4751 | D:6      | HP: 7/46 [wight/+4 falchion (14)]
  4751 | D:6      | HP: 2/44 [wight/+1 halberd of venom (3)]
  4751 | D:6      | Slain by a wight

Levels and vault maps discovered:
D:1:      lightli_arrival_lavapool, layout_loops_ring
D:2:      layout_loops_cross, nrook_uturn
D:3:      layout_rooms, mainiacjoe_overflow_alcove_2, gup_sewer_entry_pipe,
          ebering_ghost_disaster_area
D:4:      kennysheep_spiral_hall, layout_loops_ring,
          nicolae_shop_distant_corner_stores
D:5:      layout_loops_ring, vehumet_statue, minmay_temple_entry_ruins,
          uniq_edmund
D:6:      mumra_celtic_spiral_tile, layout_basic
Temple:   nicolae_temple_superstar

Skill      XL: |  1  2  3  4  5  6  7  8 |
---------------+-------------------------+-----
Ranged Weapons | 6 7 8 9 10 12 | 12.9
Fighting       | 2 3 |  3.2
Dodging        | 4 |  4.0
Armour         | 1 |  1.4
Stealth        | |  1.2

Action                     |  1- 3 |  4- 6 |  7- 9 || total
---------------------------+-------+-------+-------++-------
   Fire: Shortbow          |    64 |       |       ||    64
         Longbow           |    20 |   151 |    61 ||   232
    Use: Scroll            |     5 |     9 |     2 ||    16
         Potion            |       |     4 |       ||     4
 Armour: Leather armour    |     3 |       |       ||     3
         Ring mail         |    10 |     7 |     7 ||    24
  Dodge: Dodged            |    16 |     6 |    18 ||    40

Table legend:
 A = Non-vault XP
 B = Vault XP
 C = Vault XP percentage of total XP
 D = Non-vault monster count
 E = Vault monster count
 F = Vault count percentage of total count
                 A         B        C        D         E       F
            +---------+---------+-------+---------+---------+-------
      Total |    1685 |     525 |  23.8 |      92 |      47 |  33.8
            +---------+---------+-------+---------+---------+-------
        D:1 |      31 |       0 |   0.0 |      20 |       0 |   0.0
        D:2 |     105 |       0 |   0.0 |      18 |       0 |   0.0
        D:3 |      91 |      14 |  13.3 |      20 |       7 |  25.9
        D:4 |      63 |     122 |  65.9 |      17 |       4 |  19.0
        D:5 |     809 |     185 |  18.6 |      14 |       2 |  12.5
        D:6 |     586 |       0 |   0.0 |       3 |       0 |   0.0
      Sewer |       0 |     204 | 100.0 |       0 |      34 | 100.0
            +---------+---------+-------+---------+---------+-------
